 Dungeon Crawl Stone Soup version 0.19-a0-1057-g15bb84d (webtiles) character file.

899809 4thArraOfDagon the Acrobat (level 27, -12/210 HPs)
             Began as a Merfolk Artificer on Aug 1, 2016.
             Was a High Priest of Okawaru.
             Killed from afar by Cerebov (48 damage)
             ... with a great blast of fire
             ... in Pandemonium on Aug 2, 2016.
             The game lasted 05:28:35 (44810 turns).

4thArraOfDagon the Acrobat (Merfolk Artificer)     Turns: 44810, Time: 05:28:35

Health: -12/210    AC: 20    Str: 17    XL:     27
Magic:  48/54      EV: 29    Int: 28    God:    Okawaru [*****.]
Gold:   1877       SH:  0    Dex: 18    Spells: 15 memorised, 10 levels left

rFire  + + .     SeeInvis +     Z - +9 bardiche (elec)
rCold  + + +     Gourm    .     V - +0 faerie dragon armour {rPois rF- Int+6}
rNeg   + + .     Faith    .     (shield currently unavailable)
rPois  +         Spirit   .     d - +2 helmet {SInv}
rElec  .         Dismiss  .     Y - +2 cloak of Okawaru's Regard {MR++ MP+9}
rCorr  +         Reflect  .     C - +2 pair of gloves "Vopp" {rCorr Int+4 Stlth+}
SustAt .         Harm     +     M - +2 pair of boots {run}
MR     ++++.     Rnd*Rage +     E - amulet "Gopiuv" {Harm *Drain rF++ rC+}
Stlth  +++++++++.               X - ring "Fimejyqi" {rF+ rN+ Str+2 Dex+3 Stlth-}
                                H - ring "Boeq" {rC+ rN+ Int-2 Stlth+}

@: very slightly contaminated, deflect missiles, quick, incredibly resistant to
hostile enchantments, incredibly stealthy
A: change form in water, swift swim, yellow scales 1, berserk 1, blink, cold
resistance 1, mutation resistance 1
a: Blink, Heroism, Finesse, Renounce Religion
}: 11/15 runes: barnacled, slimy, silver, golden, abyssal, demonic, glowing,
magical, fiery, dark, gossamer


You were in Pandemonium.
You worshipped Okawaru.
Okawaru was extremely pleased with you.
You were not hungry.

You visited 11 branches of the dungeon, and saw 55 of its levels.
You visited Pandemonium 10 times, and saw 41 of its levels.
You visited the Abyss 9 times.
You visited 1 ziggurat, and saw 6 of its levels.
You also visited: Labyrinth, Bailey, Ice Cave and Wizlab.

You collected 4753 gold pieces.
You spent 2876 gold pieces at shops.

Inventory:

Hand Weapons
 Z - a +9 bardiche of electrocution (weapon)
Missiles
 L - 7 throwing nets (quivered)
Armour
 d - a +2 helmet of see invisible (worn)
 C - the +2 pair of gloves "Vopp" (worn) {rCorr Int+4 Stlth+}
   (You found it in Pandemonium)

   It affects your intelligence (+4).
   It protects you from acid and corrosion.
   It makes you more stealthy.
 M - a +2 pair of boots of running (worn)
 V - the +0 faerie dragon armour (worn) {rPois rF- Int+6}
   (You took it off the Enchantress on level 4 of the Depths)

   It affects your intelligence (+6).
   It makes you vulnerable to fire.
   It protects you from poison.
 Y - the +2 cloak of Okawaru's Regard (worn) {MR++ MP+9}
   (Okawaru gifted it to you on level 14 of the Dungeon)

   It affects your resistance to hostile enchantments.
   It affects your magic capacity (+9).
Jewellery
 E - the amulet "Gopiuv" (around neck) {Harm *Drain rF++ rC+}
   (You acquired it on level 5 of the Pits of Slime)

   [amulet of harm]

   It increases damage dealt and taken.
   It greatly protects you from fire.
   It protects you from cold.
   It causes draining when unequipped.
 H - the ring "Boeq" (left hand) {rC+ rN+ Int-2 Stlth+}
   (You found it on level 3 of the Crypt)

   [ring of positive energy]

   It affects your intelligence (-2).
   It protects you from cold.
   It protects you from negative energy.
   It makes you more stealthy.
 X - the ring "Fimejyqi" (right hand) {rF+ rN+ Str+2 Dex+3 Stlth-}
   (You found it on level 3 of the Crypt)

   [ring of positive energy]

   It affects your strength (+2).
   It affects your dexterity (+3).
   It protects you from fire.
   It protects you from negative energy.
   It makes you less stealthy.
Wands
 e - a wand of acid (8/15)
 j - a wand of teleportation (3/9)
 v - a wand of iceblast (11/15)
 x - a wand of teleportation (2/9)
 y - a wand of heal wounds (5/9)
 z - a wand of teleportation (0/9)
 D - a wand of heal wounds (0/9)
 N - a wand of disintegration (4/24)
 R - a wand of digging (9/24)
Scrolls
 a - 3 scrolls of magic mapping
 b - 3 scrolls of immolation
 f - a scroll of identify
 g - 12 scrolls of remove curse
 m - 5 scrolls of blinking
 u - a scroll of summoning
 G - 6 scrolls of recharging
 J - 2 scrolls of silence
 P - 2 scrolls of holy word
 U - 2 scrolls of fog
Potions
 c - 5 potions of invisibility
 h - a potion of haste
 i - 7 potions of cancellation
 k - 13 potions of brilliance
 l - 7 potions of cure mutation
 o - 8 potions of might
 q - 4 potions of berserk rage
 r - 8 potions of agility
 s - a potion of beneficial mutation
 B - 5 potions of ambrosia
 I - 19 potions of curing
 O - 6 potions of flight
 W - 2 potions of magic
Miscellaneous
 n - a phial of floods
 w - a lamp of fire
 F - a lamp of fire
 Q - 5 boxes of beasts
 S - 2 phantom mirrors
 T - 5 sacks of spiders
Comestibles
 p - 29 meat rations
 t - a bread ration


   Skills:
 - Level 16.0 Fighting
   Level 1.2 Short Blades
 - Level 22.0 Polearms
 - Level 22.5 Dodging
 * Level 21.4 Stealth
   Level 5.1 Shields
 - Level 18.0 Spellcasting
 - Level 7.5 Hexes
 - Level 10.3 Charms
 - Level 4.1 Necromancy
 - Level 20.0 Translocations
 - Level 15.5 Transmutations
 - Level 6.2 Air Magic
 - Level 9.7 Earth Magic
 + Level 18.5 Invocations
 - Level 3.0 Evocations


You had 10 spell levels left.
You knew the following spells:

 Your Spells              Type           Power        Failure   Level  Hunger
a - Regeneration          Chrm/Necr      ######....   1%          3    None
b - Passwall              Tmut/Erth      #######...   1%          2    None
c - Swiftness             Chrm/Air       ######..     1%          2    None
d - Animate Skeleton      Necr           N/A          1%          1    None
e - Repel Missiles        Chrm/Air       ######       1%          2    None
f - Apportation           Tloc           #######...   0%          1    None
g - Summon Butterflies    Summ           ####....     2%          1    None
h - Spectral Weapon       Hex/Chrm       ######..     1%          3    None
i - Blink                 Tloc           N/A          0%          2    None
j - Passage of Golubria   Tloc           N/A          0%          4    None
k - Statue Form           Tmut/Erth      #######..    1%          6    ##.....
l - Deflect Missiles      Chrm/Air       ######....   14%         6    ##.....
m - Controlled Blink      Tloc           N/A          4%          8    ######.
n - Silence               Hex/Air        ######....   4%          5    None
o - Haste                 Chrm           ######..     8%          6    ##.....


Dungeon Overview and Level Annotations

Branches:
Dungeon (15/15)            Temple (0/1) D:7            Lair (6/6) D:9
 Shoals (4/4) Lair:3       Spider (4/4) Lair:3        Slime (5/5) Lair:5
    Orc (2/2) D:10            Elf (3/3) Orc:2        Vaults (5/5) D:14
  Crypt (3/3) Vaults:3       Tomb (3/3) Crypt:3      Depths (5/5) D:15
    Zot (0/5) Depths:5

Altars:
Fedhas
Kikubaaqudgha
Makhleb
Nemelex Xobeh
Okawaru
Vehumet
Xom
Yredelemnul
Beogh
Jiyva

Shops:
D:8 ?   D:11 %(}   D:14 ?:::   Orc:1 (   Orc:2 =:%?   Elf:3 :(!*   Vaults:4 [

Portals:
Hell: Depths:5
Pandemonium: Depths:2 Depths:3

Annotations:
D:8 Gagarin's ghost, novice KoFE
D:10 exclusion: upstairs
D:12 exclusion: downstairs
Vaults:3 CRYPT
Pan Cerebov


Innate Abilities, Weirdness & Mutations

You revert to your normal form in water.
You are very nimble and swift while swimming.
You are partially covered in yellow scales. (AC +2)
You tend to lose your temper in combat.
You can translocate small distances at will.
Your flesh is cold resistant. (rC+)
You are somewhat resistant to further mutation.


Message History

The ufetubus dies!
The great blast of fire engulfs the ynoxinul.
The ynoxinul dies!
The ufetubus disappears in a puff of smoke!
You hear a shout! x2; You hear a bellow! x2; You hear a shout! 2 fire vortices come into view.
Unknown command.
Unknown command.
Unknown command.
Unknown command.
Unknown command.
Unknown command.
Unknown command.
Okay, then.
Unknown command.
You feel much better.
You are engulfed in roaring flames.
You resist. Cerebov gestures at you.
A raging storm of fire appears!
The great blast of fire engulfs you! You partially resist.
You die...

#............#
#............#
.##............#
..5..§.........#
###............#
#.2..Rv§3§§§...#
###§.§§..§3v§v...#
#v§v§1.&.§&§§v...#
#@#...(..§vv§§...#
#+##.....v§§§§.6.#
#..............
#..............
###############


You could see Cerebov, a Brimstone Fiend, a tormentor, an efreet and 3 fire
vortices.

Vanquished Creatures
  the Royal Jelly (Slime:5)
  Gloorx Vloq (Pan)
  Ignacio (Pan)
  A seraph (Pan)
  3 ancient liches
  2 pandemonium lords (Pan)
  3 juggernauts
  10 greater mummies
  Frederick (Vaults:5)
  Bai Suzhen (Shoals:4)
  Xtahua (Vaults:4)
  Saint Roka (Elf:3)
  3 golden dragons
  the Enchantress (Depths:4)
  A Tzitzimitl (Pan)
  Jorgrun (Shoals:4)
  A hellephant (Abyss:1)
  4 bone dragons
  2 Brimstone Fiends (Pan)
  2 Hell Sentinels (Pan)
  15 liches
  7 tentacled monstrosities
  2 deep elf blademasters (Elf:3)
  2 quicksilver dragons (Vaults:5)
  5 titans
  20 acid blobs
  2 deep elf master archers (Elf:3)
  Polyphemus (Shoals:4)
  18 Executioners
  Frances (D:12)
  10 sphinxes
  5 ancient champions
  11 tentacled starspawn
  3 shadow dragons (Vaults:5)
  A draconian monk (Depths:5)
  Donald (Shoals:4)
  A revenant (Crypt:3)
  4 storm dragons
  Ilsuiw (Shoals:4)
  13 daevas
  3 blood saints (Pan)
  3 tengu reavers
  A greater naga (Zig:3)
  9 azure jellies
  3 ghost moths (Spider:4)
  10 deep elf sorcerers
  11 frost giants
  9 fire giants
  3 orc warlords
  4 curse skulls
  9 balrugs (Pan)
  9 vault wardens
  6 ghouls
  4 cacodemons (Pan)
  3 emperor scorpions (Spider:4)
  4 deep elf elementalists
  A draconian shifter (Abyss:2)
  5 entropy weavers
  3 warmongers (Pan)
  4 draconian annihilators
  10 angels (Pan)
  8 ironheart preservers
  4 spriggan defenders
  17 stone giants
  28 very ugly things
  8 vampire knights
  5 reapers
  5 war gargoyles
  2 chaos champions (Pan)
  11 bennus
  9 apis (Pan)
  12 ophanim (Pan)
  3 corrupters (Pan)
  4 deep elf demonologists (Elf:3)
  2 white draconians
  Azrael (D:13)
  6 lorocyprocas
  2 black draconians (Depths:5)
  5 black suns (Pan)
  7 deep elf annihilators
  A dire elephant (Lair:6)
  2 red draconians
  4 spark wasps
  4 merfolk javelineers
  9 deep elf death magi
  2 eidola
  A minotaur (Lab)
  4 death oozes (Slime:5)
  3 green deaths
  6 fire dragons
  6 deep elf high priests
  4 blizzard demons
  16 mummy priests
  A quicksilver dragon zombie (Abyss:2)
  13 great orbs of eyes
  2 quicksilver dragon skeletons
  12 ettins
  9 merfolk impalers
  9 yaktaur captains
  An ice dragon (shapeshifter) (Vaults:5)
  32 vault guards
  6 rakshasas
  11 ogre magi
  5 jiangshi
  7 hydras
  A ghost crab (Zig:4)
  7 ice dragons
  2 hell beasts (Pan)
  A catoblepas (Shoals:4)
  9 centaur warriors
  3 alligator snapping turtles
  12 spriggan air magi
  4 merfolk avatars
  An anaconda (Zig:3)
  2 monstrous demonspawn (Pan)
  5 merfolk aquamancers
  6 death knights
  A tengu warrior (Depths:1)
  5 death yaks
  37 death scarabs
  11 deep troll shamans
  An iron giant zombie (Crypt:2)
  6 thrashing horrors
  6 dancing weapons
  11 deep troll earth magi
  5 orc high priests
  6 vampire magi
  8 hell hogs
  3 shock serpents (Pan)
  Nergalle (D:12)
  10 spriggans
  10 spriggan berserkers
  11 soul eaters (Pan)
  12 deep elf knights
  3 iron trolls (Depths:1)
  9 wretched stars
  8 shadow wraiths
  16 sun demons (Pan)
  29 skeletal warriors
  A titan skeleton (Abyss:2)
  24 hell knights
  4 unseen horrors
  A spatial maelstrom (Abyss:5)
  12 cherubim (Pan)
  4 putrid demonspawn (Pan)
  33 deep trolls
  5 infernal demonspawn (Pan)
  5 shadow demons
  A shambling mangrove (Zig:4)
  12 sea snakes
  2 gelid demonspawn (Pan)
  9 deep elf archers
  7 phantasmal warriors
  A swamp dragon (Zig:4)
  9 flayed ghosts
  5 giant orange brains
  10 ironbrand convokers
  9 harpies
  7 torturous demonspawn (Pan)
  A golden dragon skeleton (Crypt:3)
  2 anaconda skeletons (Crypt:3)
  4 anubis guards (Tomb:1)
  8 wizards
  A wolf spider zombie (Crypt:3)
  14 orb spiders
  4 hill giants
  2 stone giant zombies
  5 necromancers
  A shadow dragon zombie (Depths:4)
  25 wolf spiders
  34 ugly things
  3 shadow dragon skeletons
  13 orc knights
  16 griffons
  3 hornets (shapeshifter)
  A manticore (shapeshifter) (D:14)
  A salamander (Depths:4)
  5 hornets
  A salamander (shapeshifter) (Abyss:2)
  30 deep elf magi
  7 cyclopes
  6 worldbinders
  4 manticores
  5 orc sorcerers
  3 fauns (Shoals:2)
  8 elephants
  A moth of wrath (Spider:4)
  9 shining eyes
  2 fire giant skeletons (Crypt:3)
  Joseph (Lair:1)
  A water nymph (shapeshifter) (Depths:4)
  2 eyes of devastation
  11 sixfirhies
  A torpor snail (shapeshifter) (Depths:3)
  9 sirens
  Maurice (Orc:1)
  A rust devil (Pan)
  A stone giant skeleton (Crypt:3)
  8 water nymphs
  An ice statue (Zig:2)
  7 black mambas
  A guardian serpent (shapeshifter) (Vaults:1)
  21 smoke demons
  11 orange demons
  5 gargoyles
  2 apocalypse crabs (Abyss:5)
  A hellion (Pan)
  15 vault sentinels
  9 spiny frogs
  A yaktaur zombie (Depths:1)
  A torpor snail (Zig:6)
  5 hellwings
  6 rime drakes
  14 demonic crawlers
  3 tormentors (Pan)
  3 tengu conjurers (Depths:1)
  An ice devil (Abyss:1)
  7 efreet
  9 ancient zymes
  24 red devils
  A golden dragon simulacrum (Depths:1)
  25 guardian mummies
  7 komodo dragons
  29 merfolk
  22 yaktaurs
  8 trolls
  2 giant leeches (Zig:4)
  A hydra zombie (Abyss:2)
  A yellow draconian skeleton (Crypt:1)
  5 freezing wraiths
  18 polar bears
  A catoblepas skeleton (Crypt:3)
  18 jumping spiders
  A meliai (shapeshifter) (Abyss:5)
  3 hydra skeletons
  12 raiju
  7 wind drakes
  6 boulder beetles
  14 two-headed ogres
  A boulder beetle (shapeshifter) (Depths:4)
  2 elf zombies
  A meliai zombie (Crypt:1)
  16 blink frogs
  2 fire dragon zombies (Crypt:3)
  90 slime creatures
  An ettin zombie (Crypt:3)
  27 ushabtiu
  55 redbacks
  41 starcursed masses
  6 snapping turtles
  A spriggan (shapeshifter) (Vaults:1)
  10 flying skulls
  8 shadows
  Sigmund (D:5)
  9 air elementals
  A deep troll skeleton (Depths:1)
  A fire dragon skeleton (Crypt:3)
  6 wyverns
  19 ynoxinuls
  9 water elementals
  2 ettin skeletons
  10 vampires
  19 tarantellas
  5 fire elementals (D:13)
  6 hill giant zombies
  A human (D:8)
  A golden eye (shapeshifter) (Vaults:3)
  19 golden eyes
  63 yaks
  3 basilisks
  A hippogriff (shapeshifter) (Vaults:3)
  5 fire bats (Abyss:5)
  6 hippogriffs
  8 neqoxecs
  8 wraiths
  A steam dragon (Abyss:5)
  A catoblepas simulacrum (Abyss:4)
  7 hungry ghosts
  2 nagas (Zig:3)
  14 chaos spawn
  8 wargs
  A monstrous demonspawn zombie (Crypt:1)
  An insubstantial wisp (Abyss:2)
  Edmund (D:5)
  52 large abominations
  7 hell hounds
  13 water moccasins
  4 porcupines
  A giant eyeball (shapeshifter) (Vaults:5)
  A giant eyeball (Depths:3)
  55 orc warriors
  2 spiny frog skeletons
  A swamp drake (shapeshifter) (Depths:4)
  6 eyes of draining
  8 ice beasts
  3 sky beasts (D:11)
  2 black bears
  12 wasps
  A phantom (D:7)
  5 necrophages
  26 wolves
  33 centaurs
  49 ogres
  14 boggarts
  13 crocodiles
  A blink frog skeleton (Crypt:1)
  Blork the orc (D:5)
  3 big kobolds
  5 earth elementals
  7 giant frogs
  A gnoll sergeant (Zig:5)
  A wyvern zombie (D:9)
  2 wyvern skeletons
  5 troll zombies (WizLab)
  7 scorpions
  16 wights
  A snapping turtle simulacrum (Abyss:4)
  4 electric eels
  2 howler monkeys
  A polar bear skeleton (Crypt:1)
  9 crimson imps
  2 human simulacra
  3 centaur zombies
  3 quasits
  6 hounds
  2 iron imps (Abyss:2)
  A gnoll shaman (D:6)
  33 small abominations
  4 centaur skeletons
  2 human skeletons
  34 orc priests
  6 jellies
  20 orc wizards
  Jessica (D:3)
  A giant frog skeleton (D:7)
  13 iguanas
  8 worker ants
  15 sheep
  8 ogre zombies (WizLab)
  A crocodile zombie (Crypt:2)
  A felid zombie (Crypt:2)
  3 hound zombies
  An ogre skeleton (Pan)
  A hound skeleton (D:7)
  20 mummies
  A howler monkey zombie (Crypt:1)
  21 gnolls
  15 adders
  32 river rats
  2 shadow imps
  13 white imps
  5 ufetubi (Abyss:2)
  An ooze (D:1)
  A worm zombie (Crypt:2)
  An adder skeleton (D:8)
  4 worms
  A ball lightning (Tomb:2)
  A dart slug (D:3)
  13 giant geckos
  157 orcs
  6 bats
  3 giant cockroaches
  4 hobgoblins
  28 kobolds
  10 quokkas
  2 ball pythons
  A giant gecko zombie (Crypt:1)
  7 giant newts
  9 goblins
  2 quokka skeletons
  A quokka zombie (D:7)
  4 rats
  4 crawling corpses
  A fungus (Lair:6)
  A lurking horror (Abyss:2)
  3 plants
  5 starspawn tentacles
3015 creatures vanquished.

Vanquished Creatures (collateral kills)
  A hill giant (D:13)
  An orc priest (D:5)
  6 gnolls
  2 river rats (D:9)
10 creatures vanquished.

Vanquished Creatures (others)
  A titan (Pan)
  An ancient champion (Tomb:2)
  A tengu reaver (Tomb:2)
  A deep elf elementalist (Elf:3)
  A bennu (Tomb:2)
  A merfolk javelineer (Shoals:4)
  28 death scarabs (Tomb:2)
  A tengu warrior (Depths:1)
  A sun demon (Pan)
  A thrashing horror (Abyss:2)
  A titan skeleton (Tomb:2)
  A golden dragon zombie (Tomb:3)
  2 deep elf magi
  A wolf spider (Spider:3)
  A centaur zombie (D:13)
  A sixfirhy (Abyss:5)
  A harpy zombie (Tomb:2)
  A slime creature (Slime:5)
  A wyvern (D:8)
  2 ynoxinuls (Pan)
  A spriggan (Depths:5)
  3 yaks
  A neqoxec (Abyss:2)
  A hippogriff (Lair:6)
  A mottled dragon (D:13)
  A porcupine (D:9)
  An orc warrior (D:8)
  2 small abominations
  A swamp drake (Zig:4)
  A black bear (shapeshifter) (Abyss:1)
  A wasp (Depths:5)
  A wolf (IceCv)
  An ogre (Vaults:3)
  3 boggarts
  A wight (Abyss:1)
  A jelly (Abyss:5)
  3 mummies (Tomb:2)
  A river rat (Lair:3)
  A gnoll (D:4)
  2 ball lightnings (Pan)
  2 bushes (D:9)
  A crawling corpse (Elf:3)
  2 fungi
  A lurking horror (Abyss:2)
  29 plants
  136 spectral weapons
  21 starspawn tentacles
  122 starspawn tentacle segments
  15 withered plants (Crypt:3)
406 creatures vanquished.

Grand Total: 3431 creatures vanquished

Notes
Turn   | Place    | Note
-------+----------+-------------------------------------------
     0 | D:1      | 4thArraOfDagon the Merfolk Artificer began the quest for the Orb.
     0 | D:1      | Reached XP level 1. HP: 15/15 MP: 3/3
   124 | D:1      | Reached XP level 2. HP: 20/22 MP: 4/4
   347 | D:2      | Found a shimmering altar of Xom.
   348 | D:2      | Found a burning altar of Makhleb.
   350 | D:2      | Found an iron altar of Okawaru.
   358 | D:2      | Became a worshipper of Warmaster Okawaru
   389 | D:2      | Reached XP level 3. HP: 22/28 MP: 5/5
   756 | D:4      | Reached XP level 4. HP: 26/35 MP: 6/6
  1198 | D:2      | Reached skill level 1 in Polearms
  1198 | D:2      | Reached XP level 5. HP: 37/41 MP: 7/7
  1796 | D:1      | Reached skill level 5 in Dodging
  2102 | D:4      | Noticed an ogre
  2302 | D:4      | Killed an ogre
  2302 | D:4      | Reached * piety under Okawaru
  2302 | D:4      | Reached skill level 5 in Polearms
  2302 | D:4      | Reached XP level 6. HP: 41/47 MP: 8/8
  2452 | D:3      | Found an iron altar of Okawaru.
  3132 | D:3      | Noticed Jessica
  3138 | D:3      | Killed Jessica
  3672 | D:5      | Entered Level 5 of the Dungeon
  3787 | D:4      | Reached XP level 7. HP: 28/52 MP: 9/9
  3970 | D:5      | Noticed Blork the orc
  4448 | D:6      | Reached ** piety under Okawaru
  4577 | D:7      | Found a staircase to the Ecumenical Temple.
  4638 | D:7      | Reached skill level 10 in Polearms
  4760 | D:7      | Reached XP level 8. HP: 60/60 MP: 10/10
  4765 | D:7      | Reached skill level 1 in Invocations
  5912 | D:6      | Reached *** piety under Okawaru
  5938 | D:6      | Reached skill level 5 in Fighting
  5984 | D:5      | Noticed Edmund
  6013 | D:5      | Killed Edmund
  6013 | D:5      | Reached XP level 9. HP: 67/68 MP: 9/11
  6098 | D:5      | Noticed Sigmund
  6113 | D:5      | Killed Sigmund
  6219 | D:5      | Killed Blork the orc
  6802 | D:8      | Noticed Gagarin's ghost (novice KoFE)
  6970 | D:8      | Reached **** piety under Okawaru
  6973 | D:8      | Got a fine buckler
  7002 | D:8      | Identified the +1 buckler of Unambiguity {MR+ Dex+3 Stlth-} (You found it on level 8 of the Dungeon)
  7039 | D:8      | Reached skill level 1 in Shields
  7041 | D:8      | Found a shimmering altar of Xom.
  7129 | D:8      | Found Tibam's Magic Scroll Emporium.
  7154 | D:8      | Reached XP level 10. HP: 51/77 MP: 11/13
  7160 | D:8      | Reached skill level 5 in Invocations
  7172 | D:8      | Bought a scroll of identify for 26 gold pieces
  7172 | D:8      | Bought a scroll of brand weapon for 260 gold pieces
  7172 | D:8      | Bought a scroll of enchant armour for 97 gold pieces
  7443 | D:8      | Found a basalt altar of Yredelemnul.
  7490 | D:8      | Bought a scroll of teleportation for 39 gold pieces
  7673 | D:9      | Found a staircase to the Lair.
  7710 | D:9      | Reached ***** piety under Okawaru
  8098 | D:10     | Entered Level 10 of the Dungeon
  8197 | D:10     | Noticed a hill giant
  8385 | D:10     | Reached skill level 5 in Shields
  8385 | D:10     | Reached XP level 11. HP: 72/83 MP: 15/15
  8437 | D:10     | Found a staircase to the Orcish Mines.
  8641 | D:11     | Found Havyoq's Weapon Shoppe.
  8757 | D:10     | Reached skill level 15 in Polearms
  8877 | D:12     | Found a labyrinth entrance.
  8905 | Lab      | Entered a labyrinth
  9075 | Lab      | Noticed a minotaur
  9099 | Lab      | Killed a minotaur
  9550 | D:12     | Noticed Frances
  9577 | D:12     | Killed Frances
  9577 | D:12     | Reached skill level 10 in Dodging
  9632 | D:12     | Reached ****** piety under Okawaru
  9877 | D:12     | Noticed a cyan ugly thing
  9886 | D:12     | Noticed Nergalle
  9894 | D:12     | Killed a cyan ugly thing
  9894 | D:12     | Received a gift from Okawaru
  9906 | D:12     | Gained mutation: You evolve. [mutagenic meat]
  9909 | D:12     | Gained mutation: You are partially covered in yellow scales. (AC +2) [mutagenic meat]
  9912 | D:12     | Gained mutation: Your flesh is cold resistant. (rC+) [mutagenic meat]
  9939 | D:12     | Killed Nergalle
 10000 | D:12     | Reached XP level 12. HP: 88/95 MP: 13/16
 10585 | D:13     | Reached skill level 10 in Fighting
 10612 | D:13     | Noticed a centaur warrior
 10628 | D:13     | Killed a centaur warrior
 10869 | D:13     | Noticed a frost giant
 10882 | D:12     | Upgraded the game from 0.19-a0-1051-gdb7e7f8 to 0.19-a0-1057-g15bb84d
 10929 | D:13     | Noticed Azrael
 10972 | D:14     | Found Folaq's Magic Scroll Shoppe.
 11042 | D:15     | Entered Level 15 of the Dungeon
 11057 | D:14     | Found Peqan's Book Shop.
 11119 | D:14     | Noticed a centaur warrior
 11129 | D:14     | Killed a centaur warrior
 11129 | D:14     | Received a gift from Okawaru
 11131 | D:14     | Got a translucent cloak {god gift}
 11137 | D:14     | Identified the +2 cloak of Okawaru's Regard {MR++ MP+9} (Okawaru gifted it to you on level 14 of the Dungeon)
 11138 | D:14     | Found Gayhung's Book Boutique.
 11146 | D:14     | Noticed a vault guard
 11146 | D:14     | Noticed a vault guard
 11147 | D:14     | Noticed a vault guard
 11147 | D:14     | Noticed a vault guard
 11169 | D:14     | Noticed a vault guard
 11174 | D:14     | Killed a vault guard
 11174 | D:14     | Reached XP level 13. HP: 68/104 MP: 14/17
 11183 | D:14     | Killed a vault guard
 11199 | D:14     | Killed a vault guard
 11207 | D:14     | Killed a vault guard
 11210 | D:14     | Noticed a vault guard
 11220 | D:14     | Killed a vault guard
 11229 | D:14     | Found a gate to the Vaults.
 11264 | D:14     | Gained mutation: You can translocate small distances at will. [evolution]
 11264 | D:14     | Lost mutation: You evolve. [end of evolution]
 11316 | D:15     | Found a frozen archway.
 11393 | IceCv    | Entered an ice cave
 11803 | IceCv    | Received a gift from Okawaru
 12051 | IceCv    | Noticed a frost giant
 12109 | IceCv    | Killed a frost giant
 12210 | D:15     | Identified a scroll of acquirement
 12217 | D:15     | Found a blossoming altar of Fedhas.
 12252 | D:15     | Found a shimmering altar of Xom.
 12310 | D:14     | Reached XP level 14. HP: 90/114 MP: 18/18
 12412 | D:14     | Found Temysonn's Book Shop.
 12448 | D:14     | Received a gift from Okawaru
 12450 | D:14     | Got a fine crystal plate armour {god gift}
 12651 | D:14     | Identified the +4 crystal plate armour of the Peculiar Moons {rElec rN++ Dex-5 Stlth+} (Okawaru gifted it to you on level 14 of the Dungeon)
 12852 | D:13     | Killed a frost giant
 12921 | D:13     | Learned a level 3 spell: Regeneration
 12924 | D:13     | Learned a level 2 spell: Passwall
 12927 | D:13     | Learned a level 2 spell: Swiftness
 12929 | D:13     | Learned a level 1 spell: Animate Skeleton
 12978 | D:13     | Killed Azrael
 12978 | D:13     | Reached skill level 1 in Charms
 12991 | D:13     | Reached skill level 1 in Necromancy
 13189 | D:11     | Reached skill level 1 in Spellcasting
 13214 | D:11     | Gained mutation: You are somewhat resistant to further mutation. [mutagenic meat]
 13223 | D:11     | Found Iluzezin's Gadget Emporium.
 13245 | D:11     | Bought a wand of teleportation (5/9) for 432 gold pieces
 13245 | D:11     | Found a blossoming altar of Fedhas.
 13464 | D:11     | Found Cesudi's Food Shoppe.
 13609 | Orc:1    | Entered Level 1 of the Orcish Mines
 13656 | Orc:1    | Found a radiant altar of Vehumet.
 13678 | Orc:1    | Found a flagged portal.
 13687 | Bailey   | Entered a bailey
 13922 | Orc:2    | Entered Level 2 of the Orcish Mines
 14233 | Orc:1    | Found Xieran's Weapon Boutique.
 14271 | Orc:1    | Noticed Maurice
 14280 | Orc:1    | Killed Maurice
 14387 | Orc:2    | Found Gaufiosm's Magic Scroll Boutique.
 14392 | Orc:2    | Reached skill level 15 in Dodging
 14403 | Orc:2    | Bought a scroll of enchant weapon for 97 gold pieces
 14410 | Orc:2    | Found Ukovixt's Food Shop.
 14442 | Orc:2    | Reached XP level 15. HP: 75/120 MP: 19/19
 14446 | Orc:2    | Reached skill level 5 in Charms
 14464 | Orc:2    | Found a roughly hewn altar of Beogh.
 14494 | Orc:2    | Received a gift from Okawaru
 14818 | Orc:2    | Noticed an orc warlord
 14857 | Orc:2    | Killed an orc warlord
 14994 | Orc:2    | Found a roughly hewn altar of Beogh.
 15011 | Orc:2    | Found Puesy's Book Boutique.
 15056 | Orc:2    | Found Nyecsut's Jewellery Shop.
 15198 | Orc:2    | Found a staircase to the Elven Halls.
 15214 | Elf:1    | Entered Level 1 of the Elven Halls
 15214 | Elf:1    | Noticed a deep elf sorcerer
 15226 | Orc:2    | Killed a deep elf sorcerer
 15336 | Elf:1    | Found a radiant altar of Vehumet.
 15417 | Elf:1    | Received a gift from Okawaru
 15426 | Elf:1    | Identified a +0 pair of boots of running (Okawaru gifted it to you on level 1 of the Elven Halls)
 15560 | Elf:3    | Entered Level 3 of the Elven Halls
 15660 | Elf:3    | Noticed Saint Roka
 15758 | Elf:3    | Found a magical portal.
 15789 | WizLab   | Entered Zonguldrok's Shrine
 16046 | WizLab   | Noticed an ancient champion
 16046 | WizLab   | Noticed an ancient champion
 16074 | WizLab   | Killed an ancient champion
 16080 | WizLab   | Reached XP level 16. HP: 104/127 MP: 15/20
 16090 | WizLab   | Killed an ancient champion
 16105 | WizLab   | Noticed an antique lich
 16128 | WizLab   | Killed an antique lich
 16161 | WizLab   | Learned a level 2 spell: Repel Missiles
 16313 | Elf:3    | Received a gift from Okawaru
 16328 | Elf:3    | Learned a level 1 spell: Apportation
 16330 | Elf:3    | Learned a level 1 spell: Summon Butterflies
 16369 | Elf:3    | Found Buz Cou's Distillery.
 16369 | Elf:3    | Found Fytics's Weapon Emporium.
 16370 | Elf:3    | Found Godwic's Book Emporium.
 16383 | Elf:3    | Found Uroiz's General Store.
 16403 | Elf:3    | Bought a potion of might for 68 gold pieces
 16406 | Elf:3    | Bought a potion of curing for 45 gold pieces
 16406 | Elf:3    | Bought a potion of curing for 45 gold pieces
 16406 | Elf:3    | Bought 2 potions of heal wounds for 150 gold pieces
 16406 | Elf:3    | Bought 2 potions of ambrosia for 240 gold pieces
 16406 | Elf:3    | Bought a potion of ambrosia for 120 gold pieces
 16406 | Elf:3    | Bought a potion of heal wounds for 75 gold pieces
 16406 | Elf:3    | Bought a potion of might for 60 gold pieces
 16406 | Elf:3    | Bought a potion of curing for 45 gold pieces
 16406 | Elf:3    | Bought a potion of agility for 60 gold pieces
 16406 | Elf:3    | Bought a potion of agility for 60 gold pieces
 16565 | Elf:3    | Noticed a deep elf master archer
 16584 | Elf:3    | Killed a deep elf master archer
 16603 | Elf:3    | Noticed a deep elf blademaster
 16625 | Elf:3    | Killed a deep elf blademaster
 16708 | Elf:3    | Received a gift from Okawaru
 16708 | Elf:3    | Reached XP level 17. HP: 76/133 MP: 9/21
 16730 | Elf:3    | Noticed a deep elf blademaster
 16750 | Elf:3    | Killed a deep elf blademaster
 16752 | Elf:3    | Noticed a deep elf master archer
 16763 | Elf:3    | Killed a deep elf master archer
 16807 | Elf:3    | Identified the Volume of Weightlessness and Attacks (You found it on level 3 of the Elven Halls)
 16817 | Elf:3    | Learned a level 3 spell: Spectral Weapon
 16824 | Elf:3    | Got a heavily runed plate armour
 16999 | Elf:3    | Got a spiked leather armour
 17050 | Elf:3    | Learned a level 2 spell: Blink
 17056 | Elf:3    | Learned a level 4 spell: Passage of Golubria
 17070 | Elf:3    | no resistances
 17070 | Elf:3    | RIP
 17070 | Elf:3    | by the end of lair
 17139 | Elf:3    | Killed Saint Roka
 17431 | Elf:1    | Reached skill level 5 in Spellcasting
 17549 | Orc:2    | Bought a scroll of identify for 26 gold pieces
 17549 | Orc:2    | Bought a scroll of fog for 26 gold pieces
 17549 | Orc:2    | Bought a scroll of recharging for 123 gold pieces
 17549 | Orc:2    | Bought a scroll of identify for 26 gold pieces
 17549 | Orc:2    | Bought a scroll of teleportation for 39 gold pieces
 17549 | Orc:2    | Bought a scroll of recharging for 123 gold pieces
 17549 | Orc:2    | Identified the cursed +0 plate armour "Olaysos" {rN+ Slay-5 SInv} (You found it on level 3 of the Elven Halls)
 17551 | Orc:2    | Identified the +2 leather armour of the Arcane {Slay+2} (You found it on level 3 of the Elven Halls)
 17654 | Lair:1   | Entered Level 1 of the Lair of Beasts
 17679 | Lair:1   | 4thArraOfDagon: hi
 17720 | Lair:1   | Noticed Joseph
 17730 | Lair:1   | Killed Joseph
 18042 | Lair:3   | Found a hole to the Spider Nest.
 18080 | Lair:3   | You fall through a shaft!
 18088 | Lair:4   | Learned a level 6 spell: Statue Form
 18145 | Lair:4   | Reached skill level 1 in Transmutations
 18270 | Lair:3   | Reached skill level 1 in Earth Magic
 18501 | Lair:4   | Sapher: hihi
 18664 | Lair:5   | Found a runed door.
 18664 | Lair:5   | Found a viscous altar of Jiyva.
 18664 | Lair:5   | Found a staircase to the Slime Pits.
 18664 | Lair:5   | Noticed an acid blob
 18664 | Lair:5   | Noticed an acid blob
 18691 | Lair:5   | 4thArraOfDagon: just what i've found funny
 18691 | Lair:5   | 4thArraOfDagon: recently
 18691 | Lair:5   | 4thArraOfDagon: is
 18691 | Lair:5   | 4thArraOfDagon: whenever ill try to work on my consistency ( regarding streaks etc) i always go on edge at some point and start caring about turns and eventually die...
 18691 | Lair:5   | Sapher: ^_^
 18691 | Lair:5   | 4thArraOfDagon: it is our veins i guess
 18691 | Lair:5   | 4thArraOfDagon: idk
 18702 | Lair:5   | Sapher: nah) i would switch i guess
 18767 | Lair:5   | Sapher: that is a streak game?
 18777 | Lair:5   | 4thArraOfDagon: ye
 18858 | Lair:5   | 4thArraOfDagon: streaking trunk seems insane idea
 18927 | Lair:5   | Sapher: out of depth monsters or what?
 19059 | Lair:6   | Entered Level 6 of the Lair of Beasts
 19089 | Lair:6   | Sapher: because in streak games you need only 3 runes...so no problem with those iron giants
 19169 | Lair:6   | 4thArraOfDagon: yea
 19208 | Lair:6   | Reached skill level 5 in Transmutations
 19334 | Lair:6   | Received a gift from Okawaru
 19499 | Lair:6   | Reached XP level 18. HP: 135/140 MP: 28/28
 19746 | Lair:3   | Got a diamond-encrusted scale mail
 19757 | Lair:3   | Identified the +2 scale mail of Nemelex Xobeh {Regen+ Dex+3} (You found it on level 3 of the Lair of Beasts)
 19787 | Lair:3   | Found a staircase to the Shoals.
 19799 | Shoals:1 | Entered Level 1 of the Shoals
 20380 | Shoals:2 | Reached skill level 5 in Earth Magic
 20394 | Shoals:2 | Received a gift from Okawaru
 20847 | Shoals:3 | Reached skill level 10 in Transmutations
 20895 | Shoals:4 | Entered Level 4 of the Shoals
 21043 | Shoals:4 | Received a gift from Okawaru
 21086 | Shoals:4 | Noticed Bai Suzhen
 21212 | Shoals:4 | Noticed Donald
 21221 | Shoals:4 | Killed Donald
 21233 | Shoals:4 | Noticed Polyphemus
 21246 | Shoals:4 | Killed Polyphemus
 21314 | Shoals:4 | Noticed Jorgrun
 21323 | Shoals:4 | Killed Jorgrun
 21435 | Shoals:4 | Noticed Ilsuiw
 21521 | Shoals:4 | Reached XP level 19. HP: 135/146 MP: 31/31
 21545 | Shoals:4 | Killed Bai Suzhen
 21614 | Shoals:4 | Killed Ilsuiw
 21674 | Shoals:4 | Got a barnacled rune of Zot
 21898 | Spider:1 | Entered Level 1 of the Spider Nest
 21973 | Spider:1 | Received a gift from Okawaru
 22178 | Spider:4 | Entered Level 4 of the Spider Nest
 22914 | Spider:4 | Received a gift from Okawaru
 22934 | Spider:4 | Got a pair of fine gloves {god gift}
 22945 | Spider:4 | Identified the +2 pair of gloves of Ryzxurump {+Blink Str+3} (Okawaru gifted it to you on level 4 of the Spider Nest)
 23294 | Spider:4 | Reached skill level 15 in Transmutations
 23308 | Spider:4 | Reached XP level 20. HP: 153/153 MP: 4/33
 23320 | Spider:4 | Got a gossamer rune of Zot
 23650 | Slime:1  | Entered Level 1 of the Pits of Slime
 23691 | Slime:1  | Gained mutation: You tend to lose your temper in combat. [a shining eye]
 23699 | Slime:1  | Reached skill level 10 in Spellcasting
 23797 | Slime:1  | You fall through a shaft!
 23803 | Slime:2  | Received a gift from Okawaru
 23813 | Slime:2  | Reached skill level 1 in Translocations
 23877 | Slime:4  | Reached skill level 10 in Invocations
 23927 | Slime:5  | Entered Level 5 of the Pits of Slime
 24131 | Slime:5  | Reached skill level 5 in Translocations
 24150 | Slime:5  | Noticed the Royal Jelly
 24313 | Slime:4  | Received a gift from Okawaru
 24343 | Slime:4  | Identified the -5 pair of gloves "Jojeor" {Str+2} (Okawaru gifted it to you on level 4 of the Pits of Slime)
 24448 | Slime:5  | Found a viscous altar of Jiyva.
 24664 | Slime:5  | Killed the Royal Jelly
 24664 | Slime:5  | Reached XP level 21. HP: 161/161 MP: 33/35
 24723 | Slime:4  | incide: uhhhh
 24728 | Slime:5  | incide: pick up the rune?
 24731 | Slime:5  | 4thArraOfDagon: how
 24800 | Slime:5  | 4thArraOfDagon: now i can pick up :)
 24802 | Slime:5  | 4thArraOfDagon: didnt have digging
 24802 | Slime:5  | incide: i - ingenuity
 24816 | Slime:5  | Identified the Handbook of Bewitching Poison (You found it on level 5 of the Pits of Slime)
 24817 | Slime:5  | Identified Bihotz's Compendium of Aid (You found it on level 5 of the Pits of Slime)
 24829 | Slime:5  | Learned a level 6 spell: Deflect Missiles
 24845 | Slime:5  | Identified the +5 ice dragon armour of the Bouncing Gods {rF- rC++ Stlth+} (You found it on level 5 of the Pits of Slime)
 24847 | Slime:5  | Identified the Incunabulum of Burning Hexes (You found it on level 5 of the Pits of Slime)
 24854 | Slime:5  | Got an ichor-stained storm dragon armour
 24896 | Slime:5  | Identified the +2 storm dragon armour of Synchronized Stabbing {+Inv rElec rN+} (You found it on level 5 of the Pits of Slime)
 24908 | Slime:5  | Got a twitching crystal amulet
 24918 | Slime:5  | Got a slimy rune of Zot
 25023 | Slime:1  | Gained mutation: You are clumsy. (Dex -2) [a shining eye]
 25352 | Vaults:1 | Entered Level 1 of the Vaults
 25416 | Vaults:1 | Received a gift from Okawaru
 25698 | Vaults:1 | Identified the amulet "Gopiuv" {Harm *Drain rF++ rC+} (You acquired it on level 5 of the Pits of Slime)
 25994 | Vaults:2 | HP: 7/164 [deep troll earth mage/blast of rock fragments[an ironheart preserver] (15)]
 26297 | Vaults:4 | Noticed Xtahua
 26309 | Vaults:4 | Killed Xtahua
 26309 | Vaults:4 | Received a gift from Okawaru
 26639 | Vaults:4 | Reached XP level 22. HP: 172/172 MP: 31/37
 26789 | Vaults:4 | Torious: hi
 26806 | Vaults:4 | Found Saliod's Antique Armour Shoppe.
 26814 | Vaults:4 | Bought a pair of distressingly furry gloves for 342 gold pieces
 26814 | Vaults:4 | Bought an ichor-stained leather armour for 252 gold pieces
 26824 | Vaults:4 | Identified the +3 pair of gloves "Usoaxaese" {*Corrode rF+ rN++} (You bought it in a shop on level 4 of the Vaults)
 26834 | Vaults:4 | Identified the +3 leather armour "Gusewked" {*Corrode rF++ Str+5} (You bought it in a shop on level 4 of the Vaults)
 26917 | Vaults:4 | Reached skill level 10 in Translocations
 26950 | Vaults:5 | Entered Level 5 of the Vaults
 26967 | Vaults:5 | Received a gift from Okawaru
 26990 | Vaults:5 | Got a smoking leather armour
 27016 | Vaults:5 | Learned a level 8 spell: Controlled Blink
 27040 | Vaults:5 | Identified the +0 leather armour of Courage {+Blink MR+ Str-4 Dex+3} (You took it off a deep elf death mage on level 5 of the Vaults)
 27143 | Vaults:5 | Noticed a golden dragon
 27155 | Vaults:5 | Killed a golden dragon
 27417 | Vaults:5 | Got a silver rune of Zot
 27473 | Vaults:5 | Noticed Frederick
 27476 | Vaults:5 | Killed Frederick
 27573 | Vaults:5 | Reached skill level 15 in Fighting
 27634 | Vaults:5 | Noticed a golden dragon
 27641 | Vaults:5 | Killed a golden dragon
 27641 | Vaults:5 | Received a gift from Okawaru
 27681 | Vaults:5 | Reached XP level 23. HP: 125/181 MP: 38/39
 27786 | Vaults:5 | Noticed an ancient lich
 28042 | Vaults:5 | Killed an ancient lich
 28325 | Vaults:3 | Found a staircase to the Crypt.
 28333 | Crypt:1  | Entered Level 1 of the Crypt
 28523 | Crypt:3  | Entered Level 3 of the Crypt
 28614 | Crypt:3  | Received a gift from Okawaru
 28729 | Crypt:3  | Learned a level 5 spell: Silence
 28814 | Crypt:3  | Reached skill level 1 in Hexes
 28819 | Crypt:3  | Reached skill level 1 in Air Magic
 28985 | Crypt:3  | Identified the ring "Boeq" {rC+ rN+ Int-2 Stlth+} (You found it on level 3 of the Crypt)
 28988 | Crypt:3  | Got a crude tin ring
 28990 | Crypt:3  | Identified the ring of Zycriph {rN+ Int-4 SInv Stlth+} (You found it on level 3 of the Crypt)
 28992 | Crypt:3  | Got an ancient turquoise ring
 28994 | Crypt:3  | Identified the ring "Fimejyqi" {rF+ rN+ Str+2 Dex+3 Stlth-} (You found it on level 3 of the Crypt)
 28998 | Crypt:3  | good
 29113 | Crypt:3  | Found an ancient bone altar of Kikubaaqudgha.
 29219 | Crypt:3  | Reached skill level 5 in Hexes
 29332 | Crypt:3  | Got a glittering glass ring
 29334 | Crypt:3  | Identified the ring "Biuxaryt" {+Blink rF+ Stlth+} (You found it on level 3 of the Crypt)
 29421 | Crypt:3  | Received a gift from Okawaru
 29435 | Crypt:3  | Reached XP level 24. HP: 191/191 MP: 40/40
 29539 | Crypt:3  | Found a staircase to the Tomb.
 29555 | Crypt:3  | Noticed an ancient lich
 29561 | Crypt:3  | Killed an ancient lich
 29561 | Crypt:3  | Reached skill level 5 in Air Magic
 29575 | Tomb:1   | Entered Level 1 of the Tomb of the Ancients
 29684 | Tomb:1   | Received a gift from Okawaru
 29888 | Tomb:1   | Noticed a greater mummy
 30017 | Tomb:1   | Killed a greater mummy
 30272 | Tomb:1   | Received a gift from Okawaru
 30531 | Tomb:3   | Entered Level 3 of the Tomb of the Ancients
 30575 | Tomb:3   | Noticed a greater mummy
 30630 | Tomb:3   | Noticed a greater mummy
 30631 | Tomb:3   | Noticed a greater mummy
 30633 | Tomb:3   | Noticed a greater mummy
 30633 | Tomb:3   | Noticed a greater mummy
 30720 | Tomb:3   | Noticed a greater mummy
 30727 | Tomb:2   | Killed a greater mummy
 30852 | Tomb:3   | Noticed a greater mummy
 30861 | Tomb:2   | Killed a greater mummy
 30865 | Tomb:2   | Killed a greater mummy
 30934 | Tomb:3   | Noticed a greater mummy
 30944 | Tomb:2   | Killed a greater mummy
 31052 | Tomb:3   | Killed a greater mummy
 31053 | Tomb:3   | Noticed a greater mummy
 31059 | Tomb:2   | Reached XP level 25. HP: 88/197 MP: 38/41
 31066 | Tomb:2   | Killed a greater mummy
 31170 | Tomb:2   | Killed a greater mummy
 31170 | Tomb:2   | Reached skill level 15 in Translocations
 31171 | Tomb:2   | Received a gift from Okawaru
 31249 | Tomb:2   | Killed a greater mummy
 31305 | Tomb:2   | Killed a greater mummy
 31401 | Tomb:3   | Got a golden rune of Zot
 31443 | Tomb:3   | Identified the +2 robe "Ucverr" {Dex+5} (You found it on level 3 of the Tomb of the Ancients)
 31573 | Tomb:3   | hmmm
 31573 | Tomb:3   | stupid me
 32027 | Vaults:3 | brb
 32429 | D:15     | Found a staircase to the Depths.
 32438 | Depths:1 | Entered Level 1 of the Depths
 32490 | Depths:1 | Reached skill level 15 in Spellcasting
 32593 | Depths:1 | Received a gift from Okawaru
 32618 | Depths:1 | Got a pair of brightly glowing gloves {god gift}
 32630 | Depths:1 | Identified the -4 pair of gloves "Peesuak" {rPois MR+ Dex+2} (Okawaru gifted it to you on level 1 of the Depths)
 32810 | Depths:2 | Found a one-way gate leading to the halls of Pandemonium.
 33112 | Depths:2 | Noticed a juggernaut
 33118 | Depths:2 | Killed a juggernaut
 33118 | Depths:2 | Reached XP level 26. HP: 193/204 MP: 36/42
 33416 | Depths:3 | Received a gift from Okawaru
 33563 | Depths:3 | Noticed a juggernaut
 33771 | Depths:3 | Learned a level 6 spell: Haste
 33871 | Depths:4 | Noticed the Enchantress
 33889 | Depths:4 | Killed the Enchantress
 33917 | Depths:4 | Got a faerie dragon armour
 33929 | Depths:4 | Identified the +0 faerie dragon armour {rPois rF- Int+6} (You took it off the Enchantress on level 4 of the Depths)
 34007 | Depths:4 | Noticed a juggernaut
 34355 | Depths:5 | Entered Level 5 of the Depths
 34476 | Depths:5 | Found a gateway to Hell.
 34713 | Depths:5 | Reached XP level 27. HP: 184/210 MP: 43/43
 34720 | Depths:5 | Received a gift from Okawaru
 34751 | Depths:5 | Found a gateway to a ziggurat.
 34791 | Zig:1    | Entered Level 1 of a ziggurat
 34809 | Zig:2    | Entered Level 2 of a ziggurat
 34881 | Zig:3    | Entered Level 3 of a ziggurat
 34906 | Zig:3    | Identified the ring of Rutog {rElec rF+} (You found it on level 3 of a ziggurat)
 34911 | Zig:4    | Entered Level 4 of a ziggurat
 34957 | Zig:5    | Entered Level 5 of a ziggurat
 34961 | Zig:5    | Noticed a juggernaut
 34962 | Zig:5    | Noticed a juggernaut
 34973 | Zig:5    | Killed a juggernaut
 34980 | Zig:5    | Killed a juggernaut
 35007 | Zig:5    | Identified the ring of Joefuome {Str+3 Int+3} (You found it on level 5 of a ziggurat)
 35011 | Zig:6    | Entered Level 6 of a ziggurat
 35263 | Depths:5 | Found a gate to the Realm of Zot.
 35351 | Depths:3 | Found a sparkling altar of Nemelex Xobeh.
 35435 | Pan      | Entered Pandemonium
 35578 | Pan      | HP: 11/273 [daeva/divine providence (13)]
 36011 | Pan      | Got an ichor-stained large shield
 36030 | Pan      | Received a gift from Okawaru
 36032 | Pan      | Got a dazzling cloak {god gift}
 36073 | Pan      | Identified the +0 cloak of Baldness {rN+} (Okawaru gifted it to you in Pandemonium)
 36281 | Pan      | Reached skill level 5 in Stealth
 36288 | Pan      | Noticed a seraph
 36308 | Pan      | Killed a seraph
 36507 | Pan      | Got a smoking turquoise ring
 36509 | Pan      | Identified the cursed ring "Fofi" {rC- rN++ Str+2 Dex-3 Slay+2} (You took it off a seraph in Pandemonium)
 36520 | Pan      | Found a glowing golden altar of the Shining One.
 36531 | Pan      | Got a pair of slimy gloves
 36532 | Pan      | Got a demonic rune of Zot
 36544 | Pan      | Identified the +2 pair of gloves "Vopp" {rCorr Int+4 Stlth+} (You found it in Pandemonium)
 36659 | Pan      | Reached skill level 10 in Stealth
 36992 | Pan      | Found an exit through the horrors of the Abyss.
 37014 | Pan      | Took an exit into the Abyss.
 37014 | Abyss:1  | Escaped into the Abyss
 37031 | Depths:3 | Escaped the Abyss
 37033 | Pan      | Entered Pandemonium
 37033 | Pan      | Noticed Ethruh the pandemonium lord
 37161 | Pan      | Found an exit through the horrors of the Abyss.
 37171 | Pan      | Took an exit into the Abyss.
 37171 | Abyss:1  | Escaped into the Abyss
 37171 | Abyss:1  | Found a corrupted altar of Lugonu.
 37190 | Depths:3 | Escaped the Abyss
 37192 | Pan      | Entered Pandemonium
 37219 | Pan      | Found an exit through the horrors of the Abyss.
 37230 | Pan      | Took an exit into the Abyss.
 37230 | Abyss:1  | Escaped into the Abyss
 37578 | Abyss:2  | Found a blossoming altar of Fedhas.
 37586 | Abyss:2  | Found a blossoming altar of Fedhas.
 38394 | Abyss:2  | Found a snail-covered altar of Cheibriados.
 38807 | Abyss:3  | Found a corrupted altar of Lugonu.
 39045 | Abyss:5  | Entered Level 5 of the Abyss
 39045 | Abyss:5  | Found a corrupted altar of Lugonu.
 39103 | Abyss:5  | Received a gift from Okawaru
 39107 | Abyss:5  | Got a shimmering hat {god gift}
 39119 | Abyss:5  | Identified the -4 hat of the Hart {rElec Int-3 Dex+4} (Okawaru gifted it to you on level 5 of the Abyss)
 39188 | Abyss:5  | Reached skill level 10 in Charms
 39539 | Abyss:5  | Reached skill level 15 in Invocations
 39596 | Abyss:5  | Got an abyssal rune of Zot
 39605 | Depths:3 | Escaped the Abyss
 39609 | Pan      | Entered Pandemonium
 39920 | Pan      | Noticed Osice the pandemonium lord
 39930 | Pan      | Killed Osice the pandemonium lord
 39950 | Pan      | Reached skill level 15 in Stealth
 40187 | Pan      | Noticed Risaomik the pandemonium lord
 40311 | Pan      | Noticed Kuics the pandemonium lord
 40319 | Pan      | Killed Kuics the pandemonium lord
 40330 | Pan      | Received a gift from Okawaru
 40421 | Pan      | Noticed Qedafaf the pandemonium lord
 40512 | Pan      | Entered the realm of Lom Lobon.
 40776 | Pan      | Noticed Lom Lobon
 40868 | Pan      | Got a magical rune of Zot
 40912 | Pan      | Found an exit through the horrors of the Abyss.
 40987 | Pan      | Found an exit through the horrors of the Abyss.
 41003 | Pan      | Took an exit into the Abyss.
 41003 | Abyss:1  | Escaped into the Abyss
 41004 | Abyss:1  | Found a corrupted altar of Lugonu.
 41039 | Abyss:1  | Found a corrupted altar of Lugonu.
 41051 | Abyss:1  | Paralysed by accursed screaming for 1 turns
 41202 | Abyss:1  | Found a corrupted altar of Lugonu.
 41248 | Abyss:1  | Noticed an ancient lich
 41270 | Abyss:1  | Lost mutation: You are clumsy. (Dex -2) [a cacodemon]
 41300 | Depths:3 | Escaped the Abyss
 41303 | Pan      | Entered Pandemonium
 41305 | Pan      | Found an exit through the horrors of the Abyss.
 41375 | Pan      | Received a gift from Okawaru
 41393 | Pan      | Identified the +0 pair of boots of Integrity {rPois Dex+4} (Okawaru gifted it to you in Pandemonium)
 41691 | Pan      | Noticed Lom Lobon
 41778 | Pan      | Entered the realm of Cerebov.
 41948 | Pan      | Noticed Cerebov
 41954 | Pan      | Got a fiery rune of Zot
 42003 | Pan      | Found an exit through the horrors of the Abyss.
 42285 | Pan      | Found an exit through the horrors of the Abyss.
 42302 | Pan      | Took an exit into the Abyss.
 42302 | Abyss:1  | Escaped into the Abyss
 42315 | Depths:3 | Escaped the Abyss
 42317 | Pan      | Entered Pandemonium
 42320 | Pan      | Found an exit through the horrors of the Abyss.
 42332 | Pan      | Took an exit into the Abyss.
 42332 | Abyss:1  | Escaped into the Abyss
 42332 | Abyss:1  | Found a corrupted altar of Lugonu.
 42349 | Depths:3 | Escaped the Abyss
 42351 | Pan      | Entered Pandemonium
 42489 | Pan      | Noticed Teshred the pandemonium lord
 42520 | Pan      | Paralysed by a giant eyeball for 3 turns
 42530 | Pan      | Found an exit through the horrors of the Abyss.
 42533 | Pan      | Took an exit into the Abyss.
 42533 | Abyss:1  | Escaped into the Abyss
 42533 | Abyss:1  | Found a corrupted altar of Lugonu.
 42596 | Abyss:2  | Found a corrupted altar of Lugonu.
 42618 | Depths:3 | Escaped the Abyss
 42635 | Pan      | Entered Pandemonium
 42705 | Pan      | Identified the -4 pair of gloves of Niloog {+Fly rF+} (You acquired it in Pandemonium)
 42854 | Pan      | Found an exit through the horrors of the Abyss.
 42863 | Pan      | Took an exit into the Abyss.
 42863 | Abyss:1  | Escaped into the Abyss
 43012 | Depths:3 | Escaped the Abyss
 43015 | Pan      | Entered Pandemonium
 43333 | Pan      | Noticed Ykhotsur the pandemonium lord
 43763 | Pan      | Found an exit through the horrors of the Abyss.
 43770 | Pan      | Took an exit into the Abyss.
 43770 | Abyss:1  | Escaped into the Abyss
 43804 | Depths:3 | Escaped the Abyss
 43806 | Pan      | Entered Pandemonium
 43806 | Pan      | Noticed Ignacio
 43814 | Pan      | Killed Ignacio
 43851 | Pan      | Noticed Cerebov
 44010 | Pan      | Entered the realm of Mnoleg.
 44226 | Pan      | Noticed Mnoleg
 44231 | Pan      | Got a glowing rune of Zot
 44241 | Pan      | Entered the realm of Gloorx Vloq.
 44421 | Pan      | Received a gift from Okawaru
 44540 | Pan      | Noticed Gloorx Vloq
 44552 | Pan      | Killed Gloorx Vloq
 44572 | Pan      | Got a dark rune of Zot
 44671 | Pan      | Noticed Cerebov
 44801 | Pan      | Noticed Cerebov
 44810 | Pan      | Killed from afar by Cerebov

Vault maps used:
D:1:      dpeg_arrival_simpleton_c
D:2:      grunt_temple_overflow_open, first_bread
D:3:      wad_woods_stonehenge, uniq_jessica
D:4:      st_stairs_8, hex_large
D:5:      uniq_edmund, uniq_sigmund, uniq_grinder, uniq_crazy_yiuf_cottage,
          uniq_blork_the_orc
D:8:      kennysheep_ying_yang, basic_altar, serial_shops, shop, grunt_livestock
D:9:      kennysheep_little_box, minmay_lair_entry_grove, minmay_misc_feat_five,
          fountainhead
D:10:     david_orc_3
D:11:     serial_park, serial_park_square1, serial_park_avenue1,
          serial_park_square1, serial_park_avenue1, serial_park_square3,
          serial_shops, shop, shop, nicolae_shop_behind_doors,
          nicolae_shop_behind_doors, shop, basic_altar, lightli_fourway_metalbox
D:12:     wad_cavern_with_rooms, lab_entry_generic, uniq_frances, uniq_nergalle
D:13:     minmay_lizard_king, uniq_azrael
D:14:     erik_vaults_2, serial_shops,
          nicolae_shop_temple_entry_statues_fountains, nicolae_shop_waterfront,
          shop, shop_scrolls
D:15:     grunt_enter_depths_hoard, kennysheep_pointless_box, basic_altar,
          portal_ice_cave_entry_imps, fedhas_bush_and_centaur_altar
Lair:1:   beast_lair_carwin_large_2, uniq_joseph
Lair:2:   cheibrodos_lair_reptile_den
Lair:3:   minmay_shoals_entry_hut, spider_nest_entry_web_field,
          grunt_megastairs_4
Lair:5:   slime_altar_2
Lair:6:   gammafunk_lair_ancient_temple, serial_bayou_shore_a
Shoals:1: nicolae_shoals_cliffside_cave
Shoals:3: st_sunken_huts
Shoals:4: shoals_end_simple, shoal_ilsuiw, uniq_polyphemus, uniq_jorgrun,
          uniq_donald, uniq_ilsuiw, uniq_bai_suzhen
Spider:2: nicolae_spider_cling_ruins
Spider:4: spider_rune_water
Slime:3:  nicolae_slime_round_cave
Orc:1:    serial_shops, shop, basic_altar, enter_bailey_2, uniq_maurice
Orc:2:    pubby_orc_utopia
Elf:1:    eino_elf_arrival_altar, serial_shops, nicolae_shop_waterfront,
          minivault_28, uniq_roxanne
Elf:2:    serial_shops, nicolae_shop_overgrown_old_shop
Elf:3:    minmay_elf_hall_dome, infiniplex_enter_wizlab_glasses, laboratory,
          minmay_shoptagon, uniq_saint_roka
Vaults:1: nicolae_vaults_ring_of_whatevers, hangedman_vaults_maws,
          hangedman_vaults_restitches, vaults_dpeg_doors,
          vaults_room_ringed_pool, v_pattern_3, vaults_dpeg_diagonal, v_misc_27,
          vaults_dpeg_encased_lava, serial_shops,
          nicolae_shop_competitors_out_of_business
Vaults:2: vaults_mumra_chevron, grunt_vaults_diagonal, hangedman_vaults_slither,
          nicolae_vaults_rhombus_7, v_alt_pattern_1, hangedman_vaults_maws,
          nicolae_vaults_quartermaster, vaults_dpeg_hooks
Vaults:3: vaults_standard_mumra_lines, nicolae_vaults_c_with_doors,
          minmay_crypt_entry_vampire_xt, vaults_standard_mumra_x, v_misc_14,
          hangedman_vaults_cutoff, nicolae_vaults_triangles,
          ontoclasm_vaults_ligature, ontoclasm_vaults_misaligned
Vaults:4: v_misc_29, vaults_room_fours, vaults_room_hallway, v_pattern_2,
          ontoclasm_vaults_spin, serial_ice_b, vaults_room_pools,
          nicolae_vaults_yaktaur_gun_rack, vaults_dpeg_ring, serial_shops, shop,
          uniq_xtahua
Vaults:5: uniq_frederick
Crypt:1:  grunt_crypt_arrival_split
Crypt:3:  quadcrypt_mu
Tomb:2:   uniq_sojobo
Depths:1: hell_entry, hangedman_decor_diamond_cutter, lemuel_nasty_fountain
Depths:2: hangedman_stitches_corridor, pan_entry, minmay_misc_feat_hallway,
          hell_entry, hangedman_abyss_entry_splay, serial_sigils_hangedman_stare
Depths:3: regret_index_dithmenos_brocken_genspenst, hell_entry,
          minmay_misc_feat_nine_boxes, pan_entry, dk_noncrumbling_4,
          nemelex_diamond_rough_becter, infiniplex_staircase_pillars_2
Depths:4: evilmike_lava_path, grunt_pan_entry_spiral, grunt_hell_entry_dis_mu,
          abyss_entry_crystal, serial_bayou_lagoon_a, wad_mini_maze,
          minmay_staircase_windowed_small, uniq_enchantress
Depths:5: evilmike_zot_entry_round, enter_ziggurat_a, hell_entry
Abyss:1:  evilmike_abyss_exit_10, evilmike_abyss_exit_glass
Abyss:2:  evilmike_abyss_exit_chaos, hangedman_abyss_or_decor_clamps
Abyss:4:  nicolae_abyss_rune_star_stuff
Abyss:5:  hangedman_abyss_rune_macabre_mess
Pan:      evilmike_holy_pan, evilmike_mini_pan_doors, grunt_pan_zigzag,
          uniq_mennas_pan, regret_index_pan_draining_boxed,
          evilmike_mini_pan_corner, pan_blood_fountain, rand_demon_9,
          nicolae_pan_hourglass, evilmike_mini_pan_doors_b, rand_demon_3,
          pan_blood_fountain_2, nicolae_pan_gloorx_vloqian_4,
          evilmike_mini_pan_pillars_b, nicolae_pan_lom_lobonic_4,
          nicolae_pan_sigil_obb, nicolae_pan_glass_arcs, rand_demon_1,
          nicolae_pan_diamonds, rand_demon_2, evilmike_mini_pan_T,
          grunt_pan_frozen_over, lom_lobon_spiral_st, evilmike_mini_pan_corner,
          uniq_lom_lobon, pan_captured_pigsty, evilmike_mini_pan_doors_b,
          lemuel_hellion_island, uniq_lom_lobon,
          evilmike_mini_pan_possible_glass, evilmike_mini_pan_other_thingy,
          uniq_lom_lobon, pan_blood_fountain_small, cerebov,
          evilmike_mini_pan_pillars_b, pan_blood_fountain,
          nicolae_pan_double_arrow, pan_blood_fountain_small, grunt_pan_sceptre,
          nicolae_pan_mnolegish_4, nicolae_pan_hourglass,
          pan_blood_fountain_small, pan_blood_fountain, evilmike_mini_pan_doors,
          nicolae_pan_strange_glyphs, evilmike_mini_pan_T, uniq_cerebov,
          nicolae_pan_lom_lobonic_4, nicolae_pan_double_arrow, grunt_pan_zigzag,
          uniq_lom_lobon, pan_blood_fountain, rand_demon_5,
          pan_blood_fountain_2, nicolae_pan_double_arrow,
          nicolae_pan_cerebovesque_3, grunt_pan_zigzag,
          pan_blood_fountain_small, uniq_ignacio, evilmike_mini_pan_doors_b,
          pan_blood_fountain_small, nicolae_pan_gloorx_vloqian_4,
          grunt_pan_in_and_out, rand_demon_8, uniq_ignacio, uniq_cerebov,
          lemuel_hall_of_pain, uniq_cerebov, mnoleg_grunt,
          pan_blood_fountain_small, gloorx_vloq, uniq_cerebov,
          pan_blood_fountain_small, nicolae_pan_gloorx_vloqian_3,
          pan_disco_hall, uniq_cerebov
Lab:      nicolae_lab_dead_adventurers, labyrinth_skeletal_remains,
          nicolae_lab_t_cross, nicolae_lab_statue, lab_block, lab_fountain
Bailey:   bailey_polearm_1, bailey
IceCv:    ice_cave_caverns_03
WizLab:   wizlab_zonguldrok

Skill      XL: |  1  2  3  4  5  6  7  8  9 10 11 12 13 14 15 16 17 18 19 20 21 22 23 24 25 26 27 |
---------------+----------------------------------------------------------------------------------+-----
Dodging        | 3 4 5 6 7 9 10 12 13 15 19 22 | 22.5
Fighting       | 2 3 5 6 7 9 10 11 12 14 15 16 | 16.0
Polearms       | 1 5 7 10 11 13 14 16 19 20 22 | 22.0
Invocations    | 3 4 6 9 11 12 13 18 | 18.5
Shields        | 2 5 |  5.1
Charms         | 4 5 10 | 10.3
Necromancy     | 3 4 |  4.1
Spellcasting   | 2 3 7 8 9 10 11 12 13 14 15 16 18 | 18.0
Transmutations | 6 11 15 | 15.5
Earth Magic    | 3 7 9 |  9.7
Translocations | 7 9 11 12 14 16 18 20 | 20.0
Hexes          | 5 7 |  7.5
Air Magic      | 4 6 |  6.2
Stealth        | 21 | 21.4
Short Blades   | |  1.2
Evocations     | |  3.0

Action                   |  1- 3 |  4- 6 |  7- 9 | 10-12 | 13-15 | 16-18 | 19-21 | 22-24 | 25-27 || total
-------------------------+-------+-------+-------+-------+-------+-------+-------+-------+-------++-------
Melee: Short sword       |    77 |       |       |       |       |       |       |       |       ||    77
       Spear             |       |   242 |       |       |       |       |       |       |       ||   242
       Trident           |       |    77 |   426 |   497 |       |       |       |       |       ||  1000
       Punch             |       |       |     1 |       |     9 |       |       |       |       ||    10
       Glaive            |       |       |       |   272 |   207 |       |       |       |       ||   479
       Demon trident     |       |       |       |       |   743 |       |       |       |       ||   743
       Bardiche          |       |       |       |       |   642 |  1245 |  1113 |   978 |  2709 ||  6687
       Tailslap          |       |       |       |       |     1 |    50 |    11 |       |     1 ||    63
Throw: Throwing net      |       |       |     1 |       |       |       |       |       |     1 ||     2
 Cast: Regeneration      |       |       |       |       |    17 |    79 |   102 |   144 |   293 ||   635
       Repel Missiles    |       |       |       |       |       |     3 |     3 |       |     1 ||     7
       Spectral Weapon   |       |       |       |       |       |    34 |    96 |    72 |   168 ||   370
       Apportation       |       |       |       |       |       |       |     3 |     9 |    86 ||    98
       Statue Form       |       |       |       |       |       |       |    30 |    54 |   108 ||   192
       Silence           |       |       |       |       |       |       |       |     4 |     4 ||     8
       Passage of Golubr |       |       |       |       |       |       |       |       |    20 ||    20
       Blink             |       |       |       |       |       |       |       |       |     1 ||     1
       Controlled Blink  |       |       |       |       |       |       |       |       |    11 ||    11
       Deflect Missiles  |       |       |       |       |       |       |       |       |     6 ||     6
       Passwall          |       |       |       |       |       |       |       |       |     2 ||     2
Invok: Heroism           |       |       |     8 |    29 |    59 |    37 |    30 |    20 |    53 ||   236
       Finesse           |       |       |       |     4 |    12 |     6 |     4 |     3 |    19 ||    48
 Abil: End Transformatio |       |       |       |       |       |       |     7 |     9 |    56 ||    72
Evoke: Wand              |    16 |    15 |    16 |    17 |       |       |       |     7 |    20 ||    91
       Phantom mirror    |       |       |       |       |       |     1 |       |       |       ||     1
       Sack of spiders   |       |       |       |       |       |       |       |       |     2 ||     2
  Use: Scroll            |     2 |     6 |     3 |    16 |    19 |    24 |    13 |    17 |    39 ||   139
       Potion            |       |     2 |     4 |     8 |     2 |     3 |     7 |    13 |    12 ||    51
 Stab: Sleeping          |     1 |     1 |       |     2 |     6 |    14 |     6 |     2 |    13 ||    45
       Distracted        |       |       |     1 |       |     4 |     7 |    15 |     5 |    44 ||    76
       Petrifying        |       |       |       |       |       |     1 |     1 |       |       ||     2
       Petrified         |       |       |       |       |       |     1 |       |       |     1 ||     2
       Held in net/web   |       |       |       |       |       |       |       |       |     1 ||     1
  Eat: Chunk             |       |     9 |     9 |    13 |    20 |    13 |    16 |    18 |    21 ||   119
       Bread ration      |       |       |     1 |     1 |     2 |       |     5 |    10 |    10 ||    29
       Fruit             |       |       |       |     3 |       |       |       |       |    10 ||    13
       Beef jerky        |       |       |       |     2 |       |     2 |       |     2 |     4 ||    10
       Meat ration       |       |       |       |       |     1 |       |       |       |     7 ||     8
       Pizza             |       |       |       |       |       |     5 |     1 |       |     3 ||     9
       Royal jelly       |       |       |       |       |       |       |       |       |     3 ||     3
Armor: Leather armour    |     8 |       |       |       |       |       |       |       |       ||     8
       Ring mail         |    14 |    62 |    48 |    80 |    74 |       |       |       |       ||   278
       Troll leather arm |       |       |       |       |    84 |    75 |    57 |       |       ||   216
       Skin              |       |       |       |       |       |       |   177 |   441 |   960 ||  1578
       Robe              |       |       |       |       |       |       |     7 |    27 |    11 ||    45
       Mottled dragon ar |       |       |       |       |       |       |       |       |   104 ||   104
Dodge: Dodged            |    51 |   129 |   148 |   255 |   976 |   953 |  1432 |  1557 |  3873 ||  9374
       Deflected         |       |       |       |       |       |     6 |     8 |       |    26 ||    40
Block: Buckler           |       |       |     6 |    67 |    39 |       |       |       |       ||   112
       Other             |       |       |       |       |       |    46 |    97 |       |       ||   143
       Reflection        |       |       |       |       |       |     4 |     3 |       |       ||     7
